 Dungeon Crawl Stone Soup version 0.31.0-12-g77e489cdc1 (webtiles) character file.

Game seed: 1373273107442684215

3974 Marvel the Covert (level 10, -4/65 HPs)
             Began as an Octopode Shapeshifter on Mar 4, 2024.
             Was a Believer of Dithmenos.
             Slain by a wyvern (8 damage)
             ... on level 9 of the Dungeon.
             The game lasted 00:16:57 (6713 turns).

Marvel the Covert (Octopode Shapeshifter)           Turns: 6713, Time: 00:16:58

Health: -4/65      AC:  8    Str: 20    XL:     10   Next: 22%
Magic:  10/10      EV: 15    Int: 13    God:    Dithmenos [**....]
Gold:   443        SH:  0    Dex: 15    Spells: 9/9 levels left

rFire   . . .        e - +3 dagger (protect)
rCold   . . .        (no shield)
rNeg    . . .        (helmet currently unavailable)
rPois   .            (no amulet)
rElec   .            s - +6 ring of strength
rCorr   .            q - ring of willpower
SInv    .            (no ring)
Will    +....        (no ring)
Stlth   +++++++++    (no ring)
HPRegen 0.30/turn    (no ring)
MPRegen 0.12/turn    (no ring)
                     (no ring)

%: no passive effects
@: about to teleport, beast-form, under a protective aura, slowed, wreathed by
umbra, very slow
A: beast (slay +3), almost no armour, amphibious, 8 rings, camouflage 1,
gelatinous body 1, nimble swimmer 1, tentacles
a: Begin Untransformation, Renounce Religion, Shadow Step


You were on level 9 of the Dungeon.
You worshipped Dithmenos.
Dithmenos was pleased with you.
You were a hulking beast.
You visited 2 branches of the dungeon, and saw 10 of its levels.
You also visited: Ossuary.

You collected 443 gold pieces.

Inventory:

Hand Weapons
 e - a +3 dagger of protection (weapon)
 y - a +0 war axe of flaming
Missiles
 r - 2 curare-tipped darts (quivered)
 u - 3 throwing nets
Jewellery
 q - a ring of willpower (right tentacle)
 s - a +6 ring of strength (left tentacle)
 v - a +6 ring of intelligence
 A - a +6 ring of intelligence
 C - an amulet of reflection
Talismans
 b - a beast talisman
 c - a flux talisman
Wands
 h - a wand of flame (19)
 i - a wand of mindburst (10)
 x - a wand of polymorph (2)
Scrolls
 d - 2 scrolls of revelation
 f - 10 scrolls of identify
 g - a scroll of teleportation
 m - 2 scrolls of immolation
 p - 2 scrolls of fog
Potions
 a - 2 potions of lignification
 j - a potion of degeneration
 k - a potion of enlightenment
 l - a potion of haste
 n - 2 potions of mutation
 o - a potion of attraction
 t - 7 potions of curing
 w - a potion of cancellation
 z - 2 potions of resistance
 B - a potion of might


   Skills:
 + Level 4.4 Fighting
 + Level 7.7 Short Blades
 + Level 0.2 Throwing
 + Level 5.7 Dodging
 + Level 10.8 Stealth
 - Level 3.1 Unarmed Combat
 + Level 6.5 Shapeshifting


You had 9 spell levels left.
You didn't know any spells.
Your spell library contained the following spells:

 Spells                   Type           Power      Damage    Failure   Level
 Magic Dart               Conj           0%         1d3       30%         1
 Blink                    Tloc           0%         N/A       43%         2
 Call Imp                 Summ           0%         N/A       43%         2
 Lesser Beckoning         Tloc           0%         N/A       43%         2
 Momentum Strike          Conj/Tloc      0%         3d8       43%         2
 Searing Ray              Conj           0%         2d4       43%         2
 Dazzling Flash           Conj/Hex       0%         N/A       67%         3
 Gell's Gravitas          Tloc           0%         N/A       67%         3
 Mephitic Cloud           Conj/Alch/Air  0%         N/A       67%         3
 Teleport Other           Tloc           0%         N/A       67%         3
 Fulminant Prism          Conj/Alch      0%         3d5       97%         4
 Curse of Agony           Necr           0%         N/A       100%        5
 Silence                  Hex/Air        0%         N/A       100%        5
 Haunt                    Necr/Summ      0%         N/A       100%        7
 Borgnjor's Revivificati  Necr           0%         N/A       100%        8
 Death's Door             Necr           0%         N/A       100%        9


Dungeon Overview and Level Annotations

Branches:
Dungeon (9/15)             Temple (1/1) D:5         Ossuary (visited)
   Lair: D:8-11         Orc: D:9-12

Altars:
Ashenzari
Cheibriados
Dithmenos
Elyvilon
Fedhas
Gozag
Kikubaaqudgha
Makhleb
Nemelex Xobeh
Okawaru
Qazlal
Ru
Sif Muna
Trog
Uskayaw
Vehumet
Wu Jian
Xom
Yredelemnul
The Shining One

Annotations:
D:5 2 transporters, fedepesso's ghost, novice MiFi
D:6 Jeremiah
D:8 Amaemon


Innate Abilities, Weirdness & Mutations

You are a hulking beast.
Your limbs bulge with bestial killing power. (Slay +3)
You cannot wear most types of armour.
You are amphibious.
You can wear up to eight rings at the same time.
Your skin changes colour to match your surroundings (Stealth+).
Your rubbery body absorbs attacks. (AC +1, EV +1)
You are camouflaged when in or above water. (Stealth+)
You have tentacles for arms and can constrict up to eight enemies at once.


Message History

You are poisoned.
The water moccasin poisons you! The wyvern closely misses you.
You hit the wyvern.
The wyvern is heavily wounded.
You feel sick. The water moccasin barely misses you.
The wyvern bites you but does no damage.
The wraith closely misses you.
You hit the water moccasin. You grab the water moccasin.
The water moccasin is moderately wounded.
You constrict the water moccasin.
You feel sick.
The water moccasin completely misses you.
The wyvern barely misses you.
You hit the water moccasin.
The water moccasin is severely wounded.
You constrict the water moccasin.
You feel sick. The wraith hits you. The wraith drains your vigour!
You feel yourself slow down. The water moccasin barely misses you.
The wyvern bites you but does no damage.
You hit the water moccasin.
The water moccasin is almost dead.
You constrict the water moccasin.
You feel sick. The wyvern bites you!
* * * LOW HITPOINT WARNING * * *
The water moccasin misses you. The wraith hits you but does no damage.
You hit the water moccasin.
You kill the water moccasin!
Dithmenos accepts your kill.
You feel sick. The wyvern bites you!
* * * LOW HITPOINT WARNING * * *
The wraith closely misses you.
You feel better.
The wyvern bites you but does no damage.
The wyvern closely misses you. The wraith hits you!
* * * LOW HITPOINT WARNING * * *
The wraith drains your vigour!
You feel as though you will be slow longer.
The wyvern bites you but does no damage.
Okay, then.
As you read the scroll of teleportation, it crumbles to dust.
You feel strangely unstable. The wyvern bites you!
You die...

..............##
#.###.##÷........
##. #.##.......##
#...##.##<........
#.......).)..#####
#...##.#####.#
######.# ...
#...P.#### ..##
#..P♣h....# ..#
##~.k~W~.......
♣~~♣~.~♣.......
#.~~≈~~~P###..
#.~~≈≈~~.# T
#.~~≈≈~~.#
#..~≈~~~♣#
##~~.~~~.


You could see a wraith and a wyvern.

Vanquished Creatures
  A two-headed ogre (D:9)
  Maggie (D:6)
  A hornet (D:7)
  Grinder (D:3)
  2 steam dragons
  4 water moccasins
  Duvessa (D:6)
  2 ice beasts
  A sky beast (D:7)
  An ogre (D:5)
  2 centaurs
  3 bullfrogs
  A gnoll sergeant (D:8)
  3 scorpions
  Dowan (D:6)
  A bombardier beetle (D:6)
  2 centaur zombies (Ossuary)
  A hound (D:5)
  A jelly (D:6)
  A gnoll bouda (D:7)
  3 human zombies (Ossuary)
  An orc priest (D:4)
  A sleepcap (D:8)
  5 iguanas
  6 hound zombies (Ossuary)
  2 mummies (Ossuary)
  12 gnolls
  6 adders
  7 river rats (D:5)
  A shadow imp (D:5)
  2 white imps
  2 ufetubi (D:6)
  4 adder zombies (Ossuary)
  2 dart slugs (D:4)
  12 orcs
  4 bats
  7 endoplasms
  3 giant cockroaches (D:1)
  4 gnoll zombies (Ossuary)
  9 goblins
  6 hobgoblins
  5 jackals
  10 quokkas
  6 ball pythons
  2 frilled lizards (D:2)
  5 jackal zombies (Ossuary)
  7 kobolds
  9 kobold zombies (Ossuary)
  4 orc zombies (Ossuary)
  25 rats
203 creatures vanquished.

Notes
Turn   | Place    | Note
-------+----------+-------------------------------------------
     0 | D:1      | Marvel the Octopode Shapeshifter began the quest for the
                  | Orb.
     0 | D:1      | Reached XP level 1. HP: 13/13 MP: 1/1
    92 | D:1      | Reached XP level 2. HP: 18/18 MP: 2/2
   515 | D:1      | Reached XP level 3. HP: 22/23 MP: 3/3
   727 | D:1      | Found a faded altar of an unknown god.
  1386 | D:3      | Identified the scarf of Tenacity {rC+ rF+, Str+3}
  1398 | D:3      | Reached skill level 1 in Stealth
  1408 | D:3      | Noticed Grinder
  1410 | D:3      | Paralysed by Grinder for 5 turns
  1426 | D:3      | Paralysed by Grinder for 2 turns
  1440 | D:3      | Killed Grinder
  1441 | D:3      | Reached skill level 3 in Stealth
  1441 | D:3      | Reached XP level 4. HP: 12/29 MP: 4/4
  1441 | D:3      | Reached XP level 5. HP: 14/34 MP: 5/5
  1441 | D:3      | Reached XP level 6. HP: 16/39 MP: 6/6
  2122 | D:4      | Reached skill level 4 in Stealth
  3162 | D:4      | Reached skill level 5 in Stealth
  3163 | D:4      | Found the +7 staff of the Meek {protect, meekguard}
  3386 | D:5      | Entered Level 5 of the Dungeon
  3407 | D:5      | Reached XP level 7. HP: 45/45 MP: 7/7
  3498 | D:5      | Reached skill level 6 in Stealth
  3761 | D:5      | Found a transporter.
  3817 | D:5      | Found a staircase to the Ecumenical Temple.
  3826 | Temple   | Entered the Ecumenical Temple
  3832 | Temple   | Became a worshipper of Dithmenos the Shadowed
  3842 | D:5      | Found a transporter.
  3843 | D:5      | Noticed fedepesso's ghost (novice MiFi)
  3964 | D:5      | Reached XP level 8. HP: 51/51 MP: 8/8
  4033 | D:5      | Reached skill level 5 in Shapeshifting
  4162 | D:6      | Noticed Maggie
  4170 | D:6      | Killed Maggie
  4171 | D:6      | Reached skill level 7 in Stealth
  4295 | D:6      | Reached skill level 5 in Short Blades
  4449 | D:6      | Noticed Duvessa
  4449 | D:6      | Noticed Dowan
  4460 | D:6      | Killed Duvessa
  4464 | D:6      | Killed Dowan
  4465 | D:6      | Reached skill level 8 in Stealth
  4466 | D:6      | HP: 2/52 [poisoned by Dowan]
  4475 | D:6      | Reached XP level 9. HP: 26/57 MP: 9/9
  4642 | D:6      | Noticed Jeremiah
  4770 | D:6      | Found a sand-covered staircase.
  4776 | Ossuary  | Entered an ossuary
  4800 | Ossuary  | Reached * piety under Dithmenos
  4934 | Ossuary  | Reached ** piety under Dithmenos
  5488 | D:7      | Found a hide-covered altar of Uskayaw.
  5490 | D:7      | Noticed a +0 dagger
  5491 | D:7      | Noticed a +0 hand axe
  5512 | D:7      | Noticed a hornet
  5517 | D:7      | Killed a hornet
  5547 | D:7      | Reached skill level 5 in Dodging
  5547 | D:7      | Reached skill level 9 in Stealth
  5920 | D:7      | Found the +0 pair of fencer's gloves {Riposte Dex+3}
  6410 | D:8      | Noticed Amaemon
  6415 | D:8      | Noticed an orange demon
  6435 | D:9      | Reached skill level 10 in Stealth
  6435 | D:9      | Reached XP level 10. HP: 50/63 MP: 10/10
  6458 | D:9      | Noticed a two-headed ogre
  6464 | D:9      | HP: 2/63 [two-headed ogre/+0 giant spiked club (27)]
  6472 | D:9      | Killed a two-headed ogre
  6711 | D:9      | HP: 2/65 [wyvern (7)]
  6713 | D:9      | Slain by a wyvern

Illustrated notes

Levels and vault maps discovered:
D:1:      psy_arrival_basics, layout_basic,
          shapermc_ecumenical_altar_hornbeckon, serial_bayou_lake_a
D:2:      layout_loops_ring
D:3:      layout_rooms, serial_aquarium, aquarium_bridge_square
          [aquarium_subvault_bridge, aquarium_subvault_wall,
          aquarium_subvault_wall, aquarium_subvault_wall],
          aquarium_window_corner, aquarium_window_fake, aquarium_window_fake,
          aquarium_window_1, aquarium_view_2f, aquarium_view_2a,
          aquarium_balcony_3a, uniq_grinder
D:4:      layout_layer_cave, pf_guarded_unrand_meek
D:5:      lemuel_ratsnest, layout_cave_pools, temple_fountains,
          gammafunk_ghost_arena
D:6:      layout_loops_ring, nicolae_ossuary_entry_false_entrances, uniq_maggie,
          uniq_duvessa, uniq_jeremiah
D:7:      layout_loops_ring, dancing_weapons_uskayaw, corexii_checkpoint,
          mumra_transporter_accident
D:8:      layout_basic, lemuel_round_altar, st_stairs_13,
          chequers_serial_rivers_micro_e, nrook_mini_vaults, uniq_amaemon
D:9:      layout_loops_ring, lemuel_crystal_altar, serial_bayou,
          serial_bayou_pond_b, serial_bayou_lagoon_a, serial_bayou_shore_b,
          serial_bayou_crossing, serial_bayou_lagoon_b,
          minmay_misc_feat_four_crosses, bh_walls_and_bars
Temple:   nicolae_temple_bog_church

Skill      XL: |  1  2  3  4  5  6  7  8  9 |
---------------+----------------------------+-----
Stealth        | 3 5 6 8 10 | 10.8
Short Blades   | 2 3 4 5 7 |  7.7
Shapeshifting  | 4 5 6 |  6.5
Fighting       | 2 3 4 |  4.4
Dodging        | 3 4 5 |  5.7
Throwing       | |  0.2
Unarmed Combat | |  3.1

Action                     |  1- 3 |  4- 6 |  7- 9 | 10-12 || total
---------------------------+-------+-------+-------+-------++-------
  Melee: Unarmed           |     7 |       |       |       ||     7
         Constrict         |    16 |    18 |    74 |     1 ||   109
         Dagger            |    59 |    59 |   305 |    20 ||   443
         Tentacles         |    14 |    16 |    84 |     4 ||   118
         Punch             |     3 |       |    14 |     2 ||    19
  Throw: Dart              |       |       |       |     2 ||     2
    Use: Scroll            |       |     2 |    12 |     1 ||    15
         Potion            |       |       |     8 |     1 ||     9
   Stab: Sleeping          |     6 |    11 |    22 |       ||    39
         Distracted        |     1 |       |       |       ||     1
 Armour: Skin              |    28 |    17 |   119 |    20 ||   184
  Dodge: Dodged            |    27 |    40 |   162 |    16 ||   245
